 Dungeon Crawl Stone Soup version 0.22-a0-417-g1387785 (webtiles) character file.

2 Amnesiac the Ducker (level 1, 0/9 HPs)
             Began as a Spriggan Transmuter on May 14, 2018.
             Succumbed to an adder's poison
             ... on level 2 of the Dungeon.
             The game lasted 00:00:42 (217 turns).

Amnesiac the Ducker (Spriggan Transmuter)            Turns: 217, Time: 00:00:42

Health: 0/9        AC:  2    Str:  6    XL:     1   Next: 25%
Magic:  5/5        EV: 18    Int: 14    God:
Gold:   42         SH:  0    Dex: 16    Spells: 4/5 levels left

rFire    . . .     SeeInvis +   e - +0 mace
rCold    . . .     Gourm    .   (shield restricted)
rNeg     . . .     Faith    .   b - +0 robe
rPois    .         Spirit   .   (helmet restricted)
rElec    .         Reflect  .   (no cloak)
rCorr    .         Harm     .   (gloves unavailable)
MR       .....                  (boots unavailable)
Stlth    +.........             (no amulet)
HPRegen  0.03/turn              (no ring)
MPRegen  0.09/turn              (no ring)

@: lethally poisoned (0 -> -4), very quick
A: very small, unfitting armour, see invisible, herbivore, speed 3, slow
metabolism 2
a: no special abilities


You were on level 2 of the Dungeon.
You were not hungry.

You visited 1 branch of the dungeon, and saw 2 of its levels.

You collected 42 gold pieces.

Inventory:

Hand Weapons
 e - a +0 mace (weapon)
Missiles
 a - 25 arrows
Armour
 b - a +0 robe (worn)
Scrolls
 c - a scroll of fog {!r, unknown}
Comestibles
 d - a ration


   Skills:
 + Level 0.8 Fighting
 * Level 3.2 Dodging
 - Level 2.4 Unarmed Combat
 - Level 2.6 Spellcasting
 - Level 2.6 Transmutations


You had 4 spell levels left.
You knew the following spells:

 Your Spells              Type           Power        Failure   Level  Hunger
a - Beastly Appendage     Tmut           #.....       8%          1    #......

Your spell library contained the following spells:

 Spells                   Type           Power        Failure   Level  Hunger
 Spider Form              Tmut/Pois      #.........   36%         3    ###....
 Blade Hands              Tmut           #.........   90%         5    ######.
 Ice Form                 Ice/Tmut       #.......     77%         4    #####..
 Sticks to Snakes         Tmut           #.......     11%         2    ###....


Dungeon Overview and Level Annotations

Branches:
Dungeon (2/15)

Altars:


Innate Abilities, Weirdness & Mutations

You are very small and have problems with some larger weapons.
You are too small for most types of armour.
You have supernaturally acute eyesight. (SInv)
You are a herbivore.
You cover ground extremely quickly.
You need to consume almost no food.


Message History

Your transformation is almost over.
There is a stone staircase leading down here.
You climb downwards.
A kobold comes into view. It is wielding a club.
Found a mace.
There is a stone staircase leading up here.
Casting: Beastly Appendage (safe; 8% risk of failure)
Confirm with . or Enter, or press ? or * to list all spells.
You extend your transformation's duration.
Firing (i - inventory) No suitable missiles.
Press: ? - help, Shift-Dir - straight line, f - kobold
Aim: a kobold, wielding a club (resting)
Okay, then.
You see here a mace.
e - a mace Wield which item (- for none, * to show all)? (? for menu, Esc to quit)
e - a +0 mace (weapon)
There is a stone staircase leading up here.
Found a scale mail.
The kobold throws a stone.
The stone completely misses you.
You see here a stone.
The kobold throws a stone.
The stone barely misses you.
Found a bubbling coppery potion.
You see here a stone.
The kobold throws a stone.
The stone closely misses you.
You see here a stone.
You barely miss the kobold.
Your transformation is almost over.
The kobold completely misses you. The kobold barely misses you.
You hit the kobold but do no damage. The kobold barely misses you.
You barely miss the kobold. The kobold hits you with a club.
You hit the kobold but do no damage. The kobold closely misses you.
You barely miss the kobold. The kobold closely misses you.
The kobold hits you with a club.
* * * LOW HITPOINT WARNING * * *
You hit the kobold.
You kill the kobold!
You start resting.
Your horns disappear.
Found 13 arrows.
Things that are here:
a club; 2 stones
f - a bubbling coppery potion {!q} You start resting.
An adder comes into view.
The adder moves out of view.
You start resting.
The adder hisses angrily.
a - 25 arrows (gained 13)
There are no items here.
An adder comes into view.
The adder hisses angrily.
The adder completely misses you.
You thump the adder!
The adder is severely wounded.
The adder bites you.
* * * LOW HITPOINT WARNING * * *
You are lethally poisoned!
The adder poisons you! The adder completely misses you.
* * * LOW HITPOINT WARNING * * *
You feel sick.
Really quaff
f - a bubbling coppery potion {!q}?
It was a potion of magic {!q}.
Magic courses through your body.
You die...

..########.#.#
.......S.....#
..S#######...# ...#
#...# ...#######...#
....<.(.((...#
.#.#######.)[#
.....S.......########...
##.######.#..SS.@.......
#.# #.###.###########
#.. ..# ##.# ### ...
#..# #.## #.#.# # ..##.#
#.. #.# #. #.# # #.#


You could see 2 adders.

Vanquished Creatures
  2 kobolds
  A rat (D:1)
3 creatures vanquished.

Notes
Turn   | Place    | Note
-------+----------+-------------------------------------------
     0 | D:1      | Amnesiac the Spriggan Transmuter began the quest for the Orb.
     0 | D:1      | Reached XP level 1. HP: 9/9 MP: 5/5
   217 | D:2      | Succumbed to an adder's poison

Vault maps used:
D:1:      scummos_arrival_star
D:2:      old_standard_altar, lemuel_crystal_altar

Action                   || total
-------------------------++-------
Melee: Mace              ||     7
       Unarmed           ||     4
 Cast: Beastly Appendage ||     3
  Use: Potion            ||     1
Dodge: Dodged            ||    14

Table legend:
 A = Spawn XP
 B = Non-spawn XP
 C = Spawn XP percentage of total XP
 D = Spawn monster count
 E = Non-spawn monster count
 F = Spawn count percentage of total count
 G = Total turns spent on level
                    A         B        C        D         E        F      G
               +---------+---------+-------+---------+---------+-------+---------
         Total |       0 |       3 |   0.0 |       0 |       3 |   0.0 |   217
               +---------+---------+-------+---------+---------+-------+---------
           D:1 |       0 |       2 |   0.0 |       0 |       2 |   0.0 |    59
           D:2 |       0 |       1 |   0.0 |       0 |       1 |   0.0 |   158
               +---------+---------+-------+---------+---------+-------+---------
